 Dungeon Crawl Stone Soup version 0.28-a0-265-g048bc9fd10 (webtiles) character file.

Game seed: 5222822742229805046

23657 speeev33 the Severer (level 13, -3/126 (127) HPs)
             Began as a Hill Orc Fighter on Aug 28, 2021.
             Was a High Priest of Okawaru.
             Killed by drain life
             ... invoked by a soul eater
             ... summoned by an orc high priest
              (5 damage)
             ... on level 2 of the Orcish Mines.
             The game lasted 00:43:06 (18652 turns).

speeev33 the Severer (Hill Orc Fighter)            Turns: 18652, Time: 00:43:07

HP:   -3/126 (127)  AC:  5    Str: 20    XL:     13   Next: 8%
MP:   21/22         EV:  8    Int:  8    God:    Okawaru [*****.]
Gold: 92            SH: 16    Dex: 18    Spells: 12/12 levels left

rFire   + + +      SeeInvis .   a - +1 war axe
rCold   . . .      Faith    .   c - +0 kite shield
rNeg    + + .      Spirit   .   i - +0 plate armour
rPois   .          Reflect  .   e - +0 helmet
rElec   +          Harm     .   m - +1 cloak
rCorr   .          Rampage  +   F - +1 pair of gloves of the Harvest Moon {Rampage rN++ Dex+2 Stlth+}
Will    .....                   v - +0 pair of boots
Stlth   ..........              (no amulet)
HPRegen 0.31/turn               u - ring of protection from fire
MPRegen 0.18/turn               B - ring "Aqotas" {rElec rF+++ MP+9 Str-4 Dex+6}

@: heroic, corroded, studying 2 skills, lightly drained
A: no striking features
a: Renounce Religion, Convert to Beogh, Heroism, Finesse, Duel


You were on level 2 of the Orcish Mines.
You worshipped Okawaru.
Okawaru was extremely pleased with you.
You visited 2 branches of the dungeon, and saw 13 of its levels.
You also visited: Sewer.

You collected 1212 gold pieces.
You spent 1120 gold pieces at shops.

Inventory:

Hand Weapons
 a - a +1 war axe (weapon)
 b - a +2 morningstar of protection
Missiles
 d - 46 poisoned darts (quivered)
 x - 4 throwing nets
 z - 5 silver javelins
Armour
 c - a +0 kite shield (worn)
 e - a +0 helmet (worn)
 i - a +0 plate armour (worn)
 m - a +1 cloak (worn)
 v - a +0 pair of boots (worn)
 F - the +1 pair of gloves of the Harvest Moon (worn) {Rampage rN++ Dex+2 Stlth+}
   (Okawaru gifted it to you on level 10 of the Dungeon)

   Dex:       It affects your dexterity (+2).
   rN:        It greatly protects you from negative energy.
   Rampage:   It bestows one free step when moving towards enemies.
   Stlth:     It makes you more stealthy.
Jewellery
 k - a +4 ring of protection
 p - a ring of resist corrosion
 u - a ring of protection from fire (left hand)
 y - a +4 ring of protection
 B - a ring "Aqotas" (right hand) {rElec rF+++ MP+9 Str-4 Dex+6}
   (You acquired it on level 10 of the Dungeon)

   [ring of dexterity]

   Str:       It affects your strength (-4).
   Dex:       It affects your dexterity (+6).
   rF:        It renders you almost immune to fire.
   rElec:     It insulates you from electricity.
   MP:        It affects your magic capacity (+9).
Wands
 n - a wand of iceblast (12)
 s - a wand of polymorph (21)
 t - a wand of acid (6)
 A - a wand of digging (8)
Scrolls
 g - 4 scrolls of identify
 w - 4 scrolls of amnesia
Potions
 f - 5 potions of curing
 h - 3 potions of might
 j - a potion of haste
 l - 2 potions of flight
 o - 3 potions of brilliance
 q - a potion of cancellation
 r - 3 potions of ambrosia
 E - a potion of mutation
Miscellaneous
 D - a lightning rod (4/4)


   Skills:
 + Level 15.4(20.4) Fighting
 + Level 16.7(21.7) Axes
 - Level 3.2(8.2) Armour
 - Level 15.0(20.0) Shields


You had 12 spell levels left.
You didn't know any spells.
Your spell library contained the following spells:

 Spells                   Type           Power      Damage    Failure   Level
 Freeze                   Ice            0%         1d3       100%        1
 Magic Dart               Conj           0%         1d3       100%        1
 Corpse Rot               Necr/Air       N/A        N/A       100%        2
 Sublimation of Blood     Necr           0%         N/A       100%        2
 Wereblood                Tmut           0%         N/A       100%        2
 Frozen Ramparts          Ice            0%         1d2       100%        3
 Mephitic Cloud           Conj/Pois/Air  0%         N/A       100%        3
 Dispel Undead            Necr           0%         3d6       100%        4
 Hailstorm                Conj/Ice       0%         3d3       100%        4
 Ice Form                 Ice/Tmut       0%         N/A       100%        4
 Petrify                  Tmut/Erth      0%         N/A       100%        4
 Irradiate                Conj/Tmut      0%         3d14      100%        5
 Call Imp                 Summ           Unusable   N/A       N/A         2
 Death Channel            Necr           Unusable   N/A       N/A         6
 Simulacrum               Ice/Necr       Unusable   N/A       N/A         6
 Summon Hydra             Summ           Unusable   N/A       N/A         7

Dungeon Overview and Level Annotations

Branches:
Dungeon (11/15)            Temple (0/1) D:5            Lair (0/6) D:11
    Orc (2/2) D:10            Elf (0/3) Orc:2         Sewer (visited)

Altars:
Cheibriados
Elyvilon
Fedhas
Gozag
Hepliaklqana
Kikubaaqudgha
Okawaru
Trog
Uskayaw
Vehumet
Zin
Lugonu

Shops:
D:4 :   D:7 (!:   D:9 *   D:10 *

Portals:
Abyss: D:6

Annotations:
D:6 2 runed translucent doors (need will+)
Orc:1 1 runed translucent door, Dittersdorf's ghost, journeyman GrFi


Message History

The orange demon stings you from afar. You block the orc sorcerer's attack.
The rust devil closely misses you.
The ice devil hits you but does no damage.
You closely miss the orc sorcerer.
The orc sorcerer is almost dead.
The orc high priest shouts, "Join the one true god or die!"
You hit the soul eater but do no damage.
You hit the orc high priest but do no damage.
You hit the ice devil but do no damage. You slash the rust devil!
The orc high priest threatens, "By the altar or by the axe, you will meet Beogh!"
You hit the orc high priest but do no damage.
The orc high priest starts to sing a prayer.
You block the orc high priest's attack. You block the soul eater's attack.
The orc high priest invokes the aid of Beogh against you.
Beogh smites you!
* * * LOW HITPOINT WARNING * * *
You block the orange demon's attack.
The orc sorcerer hits you with a +0 dagger.
* * * LOW HITPOINT WARNING * * *
The orc high priest shouts, "Beogh is our master!
Accept the truth or die!"
You hit the orc sorcerer.
You kill the orc sorcerer!
Okawaru accepts your kill.
You hit the orc high priest but do no damage.
The orc high priest threatens, "By the altar or by the axe, you will meet Beogh!"
You hit the rust devil but do no damage.
You hit the ice devil but do no damage.
You hit the orc high priest but do no damage.
You hit the soul eater but do no damage.
The orc high priest shouts, "Join the one true god or die!"
You block the rust devil's attack.
The ice devil hits you but does no damage.
The orc high priest hits you with a +0 short sword.
* * * LOW HITPOINT WARNING * * *
You block the orc high priest's attack. The soul eater hits you!!
* * * LOW HITPOINT WARNING * * *
You partially resist.
You feel drained.
* * * LOW HITPOINT WARNING * * *
The soul eater draws from the surrounding life force!
You die...

#..#.#......
#...........
#........#.# #.......##
# #..##..## . ##......#
# .o. . ##....#.##
######...######4).....#
............)..o@.#....#
.).o.........4o4#####.##
#......#.....3)3# ##
..........#.##.##
#.....##.####...#
.....##### ##..# ######
#... ....# #.


You could see a soul eater (summoned), 2 orc high priests, an orange demon
(summoned), an ice devil (summoned), a rust devil (summoned) and a neqoxec
(summoned).

Vanquished Creatures
  Josephine (D:10)
  Erolcha (Orc:1)
  2 two-headed ogres
  An orc high priest (Orc:2)
  A glowing orange brain (D:8)
  Pikel (D:5)
  An orc knight (Orc:1)
  4 lindwurms (D:8)
  An ugly thing (D:11)
  3 orc sorcerers
  A cyclops (Orc:1)
  A manticore (D:9)
  A gargoyle (D:10)
  Joseph (D:10)
  An unseen horror (D:10)
  A komodo dragon (D:10)
  A merfolk (D:11)
  4 trolls
  A hornet (D:10)
  A vampire (D:10)
  6 wraiths
  A steam dragon (D:8)
  5 yaks
  Grum (D:9)
  A wyvern (D:7)
  Eustachio (D:5)
  11 wargs
  4 vampire mosquitoes
  Menkaure (D:5)
  3 water moccasins
  Purgy (Sewer)
  16 orc warriors
  3 black bears
  An ice beast (D:6)
  A necrophage (D:4)
  4 ogres
  12 wolves
  2 centaurs
  A lemure (D:5)
  3 kobold brigands
  Blork the orc (D:5)
  A scorpion (D:8)
  A wyvern zombie (D:7)
  A water moccasin zombie (D:5)
  A wyvern skeleton (D:6)
  3 water moccasin skeletons (D:5)
  4 electric eels (D:11)
  A howler monkey (D:8)
  2 jellies (D:5)
  7 centaur zombies
  5 hounds
  A bullfrog zombie (D:7)
  3 centaur skeletons
  18 orc priests
  Crazy Yiuf (D:2)
  3 iguanas
  A gnoll shaman (D:8)
  28 orc wizards
  A killer bee zombie (D:9)
  A hound skeleton (D:3)
  4 gnolls (D:8)
  9 adders
  2 shadow imps
  3 white imps
  A worm (D:2)
  A dart slug (D:1)
  67 orcs
  7 bats
  4 endoplasms
  4 giant cockroaches
  4 goblins
  10 hobgoblins
  2 jackals (Sewer)
  A quokka (D:2)
  9 ball pythons
  3 frilled lizards
  25 kobolds
  3 rats
350 creatures vanquished.

Vanquished Creatures (others)
  An orc wizard (Orc:2)
1 creature vanquished.

Grand Total: 351 creatures vanquished

Notes
Turn   | Place    | Note
-------+----------+-------------------------------------------
     0 | D:1      | speeev33 the Hill Orc Fighter began the quest for the Orb.
     0 | D:1      | Reached XP level 1. HP: 19/19 MP: 1/1
   221 | D:1      | Reached skill level 3 in Axes
   233 | D:1      | Reached XP level 2. HP: 22/27 MP: 2/2
   788 | D:2      | Reached XP level 3. HP: 20/33 MP: 3/3
  1559 | D:2      | Reached XP level 4. HP: 29/41 MP: 4/4
  1725 | D:2      | Found a runed translucent door.
  1726 | D:2      | Noticed Crazy Yiuf
  1997 | D:2      | Killed Crazy Yiuf
  1998 | D:2      | Reached skill level 4 in Axes
  2207 | D:3      | Reached XP level 5. HP: 44/47 MP: 5/5
  2495 | D:3      | Reached skill level 5 in Fighting
  3390 | D:4      | Reached skill level 5 in Axes
  3397 | D:4      | Reached XP level 6. HP: 17/56 MP: 6/6
  3595 | D:4      | Reached skill level 5 in Shields
  3616 | D:4      | Noticed a water moccasin
  3625 | D:4      | Killed a water moccasin
  3674 | D:4      | Found a glowing drain.
  3696 | Sewer    | Entered a sewer
  3997 | Sewer    | Noticed Purgy
  4006 | Sewer    | Killed Purgy
  4007 | Sewer    | Reached skill level 6 in Axes
  4007 | Sewer    | Reached XP level 7. HP: 52/63 MP: 7/7
  4328 | D:4      | Found Ilig's Self-Improvement Boutique.
  4553 | D:4      | Found a faded altar of an unknown god.
  4553 | D:4      | Found a hide-covered altar of Uskayaw.
  4559 | D:4      | Found an iron altar of Okawaru.
  4561 | D:4      | Found an ancient bone altar of Kikubaaqudgha.
  4562 | D:4      | Found a faded altar of an unknown god.
  4565 | D:4      | Became a worshipper of Warmaster Okawaru
  4924 | D:5      | Entered Level 5 of the Dungeon
  4928 | D:5      | Noticed Blork the orc
  4937 | D:5      | Killed Blork the orc
  4989 | D:5      | Reached skill level 7 in Axes
  5118 | D:5      | Identified a scroll of acquirement
  5118 | D:5      | Acquired a manual of Shields
  5236 | D:5      | Reached XP level 8. HP: 54/73 MP: 8/8
  5449 | D:5      | Noticed Eustachio
  5481 | D:5      | Reached * piety under Okawaru
  5491 | D:5      | Killed Eustachio
  5545 | D:5      | Reached skill level 8 in Axes
  5799 | D:5      | Noticed Menkaure
  5805 | D:5      | Killed Menkaure
  6160 | D:5      | Found a staircase to the Ecumenical Temple.
  6172 | D:5      | Noticed Pikel
  6195 | D:5      | Killed Pikel
  6195 | D:5      | Reached ** piety under Okawaru
  6196 | D:5      | Reached skill level 9 in Axes
  6196 | D:5      | Reached XP level 9. HP: 14/83 MP: 9/9
  6933 | D:6      | Reached skill level 10 in Shields
  7147 | D:6      | Reached skill level 10 in Axes
  7148 | D:6      | Identified the +4 dagger of Ziwugol {pain, Dex+4}
  7486 | D:6      | Found a blossoming altar of Fedhas.
  7569 | D:6      | Reached *** piety under Okawaru
  7674 | D:6      | Found a one-way gate to the infinite horrors of the Abyss.
  7674 | D:6      | Identified the +8 dagger "Ejiezog" {distort, rPois}
  7880 | D:6      | Found a large runed translucent door.
  7880 | D:6      | Found a large runed translucent door.
  7880 | D:6      | Found a corrupted altar of Lugonu.
  7996 | D:6      | Found a white marble altar of Elyvilon.
  8442 | D:7      | Found Rimuciothri's Antique Weapon Shop.
  8442 | D:7      | Found Vivvu's Distillery.
  8443 | D:7      | Found Nuqye's Book Shop.
  8542 | D:7      | Reached skill level 10 in Fighting
  8665 | D:7      | Reached XP level 10. HP: 46/93 MP: 10/10
  9545 | D:8      | Noticed a lindwurm
  9567 | D:8      | Reached skill level 11 in Axes
  9622 | D:8      | Noticed a lindwurm
  9624 | D:8      | Noticed a lindwurm
  9635 | D:8      | Reached **** piety under Okawaru
  9724 | D:8      | Noticed a two-headed ogre
  9728 | D:8      | Noticed a glowing orange brain
  9728 | D:8      | a two-headed ogre changed into a glowing orange brain
  9737 | D:8      | Killed a glowing orange brain
  9873 | D:8      | Found a bloodstained altar of Trog.
 10217 | D:8      | Noticed a lindwurm
 10359 | D:9      | Noticed Grum
 10399 | D:9      | Killed Grum
 10456 | D:9      | Found Zin's Purification Station.
 10458 | D:9      | Found a glowing silver altar of Zin.
 10482 | D:9      | Noticed a two-headed ogre
 10495 | D:9      | Killed a two-headed ogre
 10496 | D:9      | Reached skill level 12 in Axes
 10932 | D:9      | Found an opulent altar of Gozag.
 10951 | D:9      | Found a snail-covered altar of Cheibriados.
 10976 | D:9      | Found a hazy altar of Hepliaklqana.
 10976 | D:9      | Found a radiant altar of Vehumet.
 10985 | D:9      | Noticed a manticore
 10992 | D:9      | Killed a manticore
 10992 | D:9      | Received a gift from Okawaru
 10993 | D:9      | Reached XP level 11. HP: 66/104 MP: 8/11
 11152 | D:9      | Identified the +7 spear "Ykuaseiw" {drain, Str+4}
 11525 | D:10     | Entered Level 10 of the Dungeon
 11868 | D:10     | Reached ***** piety under Okawaru
 12174 | D:10     | Acquired a ring "Aqotas" {rElec rF+++ MP+9 Str-4 Dex+6}
 12236 | D:8      | Killed a lindwurm
 12236 | D:8      | Killed a lindwurm
 12237 | D:8      | Reached skill level 13 in Axes
 12672 | D:8      | Killed a lindwurm
 12682 | D:8      | Killed a lindwurm
 12691 | D:8      | Identified the +5 shortbow "Radd" {freeze, rF+ Dex+2}
 12947 | D:10     | Found Oschiuq's Assorted Antiques.
 13280 | D:10     | Found a staircase to the Orcish Mines.
 13393 | D:10     | Noticed Joseph
 13393 | D:10     | Noticed Josephine
 13400 | D:10     | Killed Josephine
 13400 | D:10     | Identified the +1 pair of gloves of the Harvest Moon
                  | {Rampage rN++ Dex+2 Stlth+} (Okawaru gifted it to you on
                  | level 10 of the Dungeon)
 13400 | D:10     | Received a gift from Okawaru
 13401 | D:10     | Reached skill level 15 in Shields
 13438 | D:10     | Reached skill level 14 in Axes
 13449 | D:10     | Killed Joseph
 13458 | D:10     | Reached XP level 12. HP: 17/115 MP: 12/12
 14280 | D:11     | Noticed a two-headed ogre
 14291 | D:11     | Killed a two-headed ogre
 14468 | D:11     | Noticed a two-headed ogre
 14473 | D:11     | a two-headed ogre changed into a merfolk
 14802 | D:11     | Found a staircase to the Lair.
 14955 | D:11     | Reached skill level 15 in Axes
 15294 | Orc:1    | Entered Level 1 of the Orcish Mines
 15294 | Orc:1    | Noticed Erolcha
 15313 | Orc:1    | Found a runed translucent door.
 15316 | Orc:1    | Killed Erolcha
 15862 | Orc:1    | Noticed Dittersdorf's ghost (journeyman GrFi)
 16021 | Orc:1    | Identified the +1 ring mail of speeev33's Tenacity {rPois
                  | rF+} (Okawaru gifted it to you on level 1 of the Orcish
                  | Mines)
 16021 | Orc:1    | Received a gift from Okawaru
 16482 | Orc:2    | Entered Level 2 of the Orcish Mines
 16532 | Orc:2    | Noticed an orc warlord
 16812 | Orc:2    | Reached skill level 16 in Axes
 16836 | Orc:2    | Found a staircase to the Elven Halls.
 17274 | Orc:2    | Noticed an orc high priest
 17303 | Orc:1    | Reached skill level 15 in Fighting
 17668 | Orc:1    | Paralysed by an orc sorcerer for 7 turns
 18211 | Orc:2    | Killed an orc high priest
 18212 | Orc:2    | Reached XP level 13. HP: 114/127 MP: 13/13
 18416 | D:4      | Bought a manual of Axes for 1120 gold pieces
 18651 | Orc:2    | HP: 2/125 [soul eater[an orc high priest] (21)]
 18652 | Orc:2    | Killed from afar by a soul eater

Illustrated notes

Levels and vault maps discovered:
D:1:      ncdulo_wetmaze, layout_rooms, hangedman_glass_teeth,
          minmay_strange_pillars, kennysheep_another_room, minmay_cut_off
D:2:      layout_basic, uniq_crazy_yiuf_cottage
D:3:      layout_loops_corners
D:4:      layout_basic, chequers_temple_overflow_minitemple,
          gup_sewer_entry_glass, nicolae_shop_self_help
D:5:      layout_loops_corners, minmay_temple_entry_large_hall,
          uniq_blork_the_orc, uniq_menkaure, uniq_eustachio, uniq_pikel
D:6:      due_chaos_kobolds, layout_basic, overflow_temple_1_default,
          elyvilon_altar_3, kennysheep_generic_room_13
D:7:      layout_loops_ring, nicolae_wooded_promenade, nicolae_benzene_ring
D:8:      layout_loops_ring, trog_butcher_becter, minmay_liquid_box,
          minmay_lindwurm_lava
D:9:      layout_loops_cross, zin_purify, grunt_temple_overflow_open,
          mainiacjoe_overflow_boulevard, nicolae_sextant, uniq_grum
D:10:     layout_roguey, hiddenorc2_lemuel, serial_shops,
          nicolae_shop_window_shopping, uniq_joseph, uniq_josephine
D:11:     layout_basic, erik_lair_island
Orc:1:    layout_diamond_mine, gammafunk_ghost_grave, mines5_lemuel,
          uniq_erolcha
Orc:2:    st_orc_mages, layout_caves, nicolae_orc_pool_cavern, mines2_lemuel

Skill      XL: |  1  2  3  4  5  6  7  8  9 10 11 12 |
---------------+-------------------------------------+-----
Axes           | 3 4 5 6 7 9 10 12 14 16 | 16.7
Fighting       | 4 5 6 7 9 10 11 13 15 | 15.4
Shields        | 4 5 6 9 11 13 15 | 15.0
Armour         | |  3.2

Action                   |  1- 3 |  4- 6 |  7- 9 | 10-12 | 13-15 || total
-------------------------+-------+-------+-------+-------+-------++-------
Melee: War axe           |   117 |   137 |   284 |   894 |    42 ||  1474
Throw: Dart              |       |       |     1 |       |       ||     1
Invok: Heroism           |       |       |     1 |    18 |     1 ||    20
Evoke: Wand              |       |       |     5 |     7 |       ||    12
  Use: Potion            |       |     2 |     1 |     2 |       ||     5
       Scroll            |       |     6 |     8 |     5 |       ||    19
 Stab: Sleeping          |       |       |     1 |       |       ||     1
Armor: Scale mail        |    68 |    51 |       |       |       ||   119
       Chain mail        |       |    41 |       |       |       ||    41
       Troll leather arm |       |       |    21 |       |       ||    21
       Plate armour      |       |       |   151 |   403 |    11 ||   565
Dodge: Dodged            |    39 |    44 |    63 |   125 |     5 ||   276
Block: Kite shield       |    58 |    58 |   174 |   556 |    40 ||   886

Table legend: (Time is in decaauts)
 A = Elapsed time spent in this place.
 B = Non-inter-level travel time spent in this place.
 C = Inter-level travel time spent in this place.
 D = Time resting spent in this place.
 E = Time spent auto-exploring this place.
 F = Levels seen in this place.
 G = Mean time per level.
                   A        B        C        D        E       F      G
               +--------+--------+--------+--------+--------+-----+--------+
         Total |  18714 |  17908 |    806 |   6739 |   6211 |  14 | 1336.7 |
       Dungeon |  15565 |  14849 |    716 |   4941 |   6023 |  11 | 1415.0 |
  Orcish Mines |   2708 |   2618 |     90 |   1501 |    152 |   2 | 1354.0 |
         Sewer |    440 |    440 |      0 |    297 |     36 |   1 |  440.0 |
               +--------+--------+--------+--------+--------+-----+--------+

Top non-repeatable levels by time:
   Orc:1: 2132 daAuts
    D:10: 2052 daAuts
     D:5: 1894 daAuts
     D:8: 1636 daAuts
     D:6: 1484 daAuts
     D:9: 1325 daAuts
     D:7: 1292 daAuts
     D:2: 1281 daAuts
     D:4: 1276 daAuts
    D:11: 1208 daAuts
     D:3: 1109 daAuts
     D:1: 1004 daAuts
   Orc:2: 576 daAuts
   Sewer: 440 daAuts
